Map: Newkirk Precinct TE (Void)

Players

Snitchables - Winner!

  • Race: Zerg Zerg
  • League: Grandmaster
  • Spawn Location: 7:00

Railgan

  • Race: Zerg Zerg
  • League: Grandmaster
  • Spawn Location: 5:00

VOD

Have the link to the VOD?

Description

Time

  • Played on: March 23, 2017, 8:20 p.m.
  • Length: 7:23
Show
View Real Time Build Order
Export as new Build Order

Snitchables Zerg - Winner!

Build Orders: Pool First 

Get SALT Encoding   

  12  0:19  Spawning Pool  
  11  0:22  Drone  
  11  0:27  Drone  
  13  0:31  Drone  
  14  0:41  Overlord  
  14  1:06  Zergling x6, Queen  
  19  1:17  Zergling x2  
  20  1:28  Zergling x2  
  21  1:38  Zergling x2  
  22  1:47  Hatchery  
  22  1:50  Overlord  
  21  2:00  Drone  
  22  2:11  Drone  
  22  2:12  Queen  
  25  2:16  Drone x2  
  25  2:17  Drone  
  28  2:26  Overlord  
  28  2:37  Drone  
  28  2:48  Drone x3  
  31  2:51  Queen  
  31  2:56  Overlord  
  33  3:00  Drone  
  32  3:17  Drone  
  32  3:18  Drone x2  
  32  3:21  Queen  
  34  3:27  Drone x2  
  34  3:28  Drone x2  
  34  3:31  Drone  
  39  3:36  Spine Crawler  
  39  3:40  Drone  
  39  3:43  Drone x2  
  39  3:46  Extractor  
  40  3:51  Overlord, Zergling x2  
  40  3:55  Drone x2  
  43  4:06  Drone  
  43  4:07  Drone x4  
  48  4:20  Zergling x4, Queen  
  48  4:21  Queen  
  54  4:29  Zergling x2  
  54  4:30  Zergling x8  
  59  4:31  Drone  
  59  4:35  Overlord  
  60  4:43  Roach Warren  
  60  4:45  Evolution Chamber, Drone x2  
  60  4:46  Evolution Chamber  
  60  4:48  Drone  
  60  4:54  Overlord  
  60  4:55  Extractor x2  
  60  4:59  Drone  
  59  5:11  Drone x2  
  61  5:22  Overlord  
  61  5:24  Roach  
  61  5:27  Roach x3  
  61  5:28  Roach  
  71  5:29  Hatchery  
  71  5:31  Roach  
  71  5:32  Roach x2  
  76  5:38  Overlord  
  76  5:40  Overlord  
  76  5:47  Roach  
  78  5:52  Roach  
  80  5:59  Roach x6  
  80  6:03  Roach  
  89  6:21  Roach  
  89  6:22  Roach x3  
  97  6:26  Spore Crawler  
  97  6:27  Spore Crawler  
  97  6:30  Roach x3  
  97  6:40  Roach  
  97  6:41  Roach x4  
  103  6:53  Roach x2  
  106  6:54  Overlord x2  
  106  6:55  Overlord  
Show
View Real Time Build Order
Export as new Build Order

Railgan Zerg 

Build Orders: Hatch First 

Get SALT Encoding   

  12  0:01  Drone  
  13  0:13  Overlord  
  13  0:18  Drone  
  14  0:31  Drone x2  
  16  0:36  Drone  
  17  0:49  Drone  
  18  0:58  Hatchery  
  18  1:00  Drone  
  18  1:04  Extractor  
  17  1:15  Spawning Pool  
  16  1:19  Drone  
  16  1:21  Drone  
  18  1:28  Drone  
  19  1:39  Overlord  
  19  2:04  Queen  
  19  2:05  Zergling x4  
  19  2:06  Baneling Nest  
  19  2:08  Spine Crawler  
  21  2:11  Spine Crawler  
  20  2:19  Zergling x2  
  21  2:30  Drone  
  21  2:37  Drone  
  24  2:46  Drone, Queen  
  24  2:47  Metabolic Boost  
  24  2:50  Baneling  
  26  2:52  Drone  
  26  2:57  Zergling x2  
  27  3:27  Zergling x4  
  27  3:28  Hatchery  
  27  3:29  Lair, Overlord  
  27  3:30  Extractor  
  27  3:33  Drone  
  26  3:36  Drone  
  27  3:43  Drone  
  28  3:54  Drone  
  29  3:58  Drone x3  
  32  4:09  Drone  
  31  4:19  Overlord  
  31  4:27  Queen  
  31  4:29  Drone x3  
  36  4:41  Drone  
  36  4:44  Spire, Drone  
  37  4:46  Drone  
  37  4:51  Drone  
  39  4:58  Queen  
  41  5:00  Drone  
  41  5:02  Drone  
  41  5:05  Drone  
  44  5:09  Overlord  
  44  5:12  Extractor  
  44  5:13  Extractor, Drone  
  43  5:16  Drone  
  43  5:20  Overlord  
  43  5:28  Drone x2  
  45  5:31  Drone x3  
  45  5:32  Drone  
  49  5:38  Drone x3  
  52  5:43  Zergling x2  
  52  5:47  Overlord  
  53  5:51  Overlord  
  53  5:57  Baneling x3  
  53  5:58  Overlord  
  53  6:01  Overlord  
  53  6:02  Baneling x2  
  51  6:25  Mutalisk  
  51  6:26  Mutalisk x5  
  62  6:37  Mutalisk x2  
  61  6:42  Queen x2  
  61  6:46  Drone  
  60  6:52  Overlord  
  59  7:02  Zergling x2  
Tags
 
Add a new tag
Caveats
  • Supply blocks, unpowered buildings, or Contaminate may cause inaccurate times.
  • Supply counts are checked every 10 seconds.